 Dungeon Sprint DCSS version 0.19-a0-1442-g3b32ff5 (webtiles) character file.

264 poirepourri the Thaumaturge (level 5, -7/28 HPs)
             Began as a Deep Elf Fire Elementalist on Sept 5, 2016.
             Mangled by a slime creature (9 damage)
             ... in the Dungeon (Sprint I: "Red Sonja").
             The game lasted 00:01:43 (692 turns).

poirepourri the Thaumaturge (DEFE)                   Turns: 692, Time: 00:01:44

Health: -7/28      AC:  2    Str:  5    XL:     5   Next: 98%
Magic:  9/20       EV: 13    Int: 21    God:
Gold:   162        SH:  0    Dex: 15    Spells: 5 memorised, 13 levels left

rFire  . . .     SeeInvis .     (no weapon)
rCold  . . .     Gourm    .     j - +0 robe {Archmagi}
rNeg   . . .     Faith    .     (no shield)
rPois  .         Spirit   .     (no helmet)
rElec  .         Dismiss  .     (no cloak)
rCorr  .         Reflect  .     (no gloves)
MR     .....     Harm     .     (no boots)
Stlth  ++........ NoTele   +    (no amulet)
                                (no ring)
                                (no ring)

@: no status effects
A: no striking features
a: no special abilities


You were in the Dungeon.
You were not hungry.

You visited 1 branch You collected 162 gold pieces.

Inventory:

Armour
 a - a +0 robe
 j - a +0 robe of the Archmagi (worn)
Scrolls
 i - a scroll of blinking
Potions
 d - a potion of curing
 f - a potion of haste
 g - a potion of magic
 h - 2 potions of berserk rage
Books
 b - a book of Flames

   Spells                             Type                      Level
   a - Flame Tongue                   Conjuration/Fire             1
   b - Throw Flame                    Conjuration/Fire             2
   c - Conjure Flame                  Conjuration/Fire             3
   d - Inner Flame                    Hexes/Fire                   3
   e - Sticky Flame                   Conjuration/Fire             4
   f - Fireball                       Conjuration/Fire             5
Comestibles
 c - a bread ration


   Skills:
 - Level 0.2 Fighting
 - Level 2.4 Dodging
 - Level 2.4 Stealth
 * Level 11.1 Spellcasting
 + Level 4.1 Conjurations
 + Level 9.7 Fire Magic


You had 13 spell levels left.
You knew the following spells:

 Your Spells              Type           Power        Failure   Level  Hunger
a - Flame Tongue          Conj/Fire      #####        1%          1    None
b - Throw Flame           Conj/Fire      ######       1%          2    None
c - Conjure Flame         Conj/Fire      ######..     1%          3    None
d - Inner Flame           Hex/Fire       #####...     2%          3    None
e - Sticky Flame          Conj/Fire      ######..     3%          4    #......


Dungeon Overview and Level Annotations

Branches:
Dungeon (1/1)

Altars:
Makhleb
Xom
Jiyva
Lugonu


Message History

Confirm with . or Enter, or press ? or * to list all spells.
Aiming: Flame Tongue
Press: ? - help, Shift-Dir - straight line, f/p - slime creature
Aim: a slime creature (severely wounded)
You feel a surge of power!
The flame tongue hits the slime creature.
The slime creature is almost dead.
The slime creature hits you!
Ouch! That really hurt!
* * * LOW HITPOINT WARNING * * *
Casting: Flame Tongue
Confirm with . or Enter, or press ? or * to list all spells.
Aiming: Flame Tongue
Press: ? - help, Shift-Dir - straight line, f/p - slime creature
Aim: a slime creature (almost dead)
You feel a surge of power!
The flame tongue hits the slime creature.
The slime creature is almost dead.
The slime creature hits you!
You die...

################ ##
#<.#..').#@J'..#__#
#..'..#..'..#..'..+
#.)#####'#####+#__#
#..# #..# ## #..#
#### #.)# #⌠⌠# ####


You could see a slime creature.

Vanquished Creatures
  Sigmund (D)
  An ogre (D)
  Ijyb (D)
3 creatures vanquished.

Vanquished Creatures (others)
  A gargoyle (D)
1 creature vanquished.

Grand Total: 4 creatures vanquished

Notes
Turn   | Place    | Note
-------+----------+-------------------------------------------
     0 | D        | poirepourri the Deep Elf Fire Elementalist began the quest for the Orb.
     0 | D        | Reached XP level 1. HP: 10/10 MP: 6/6
     3 | D        | Noticed Ijyb
    20 | D        | Killed Ijyb
    20 | D        | Reached skill level 5 in Spellcasting
    20 | D        | Reached skill level 5 in Fire Magic
    20 | D        | Reached XP level 2. HP: 3/15 MP: 6/10
   332 | D        | Learned a level 2 spell: Throw Flame
   341 | D        | Noticed an ogre
   357 | D        | Killed an ogre
   357 | D        | Reached skill level 8 in Spellcasting
   357 | D        | Reached XP level 3. HP: 11/19 MP: 0/15
   357 | D        | Reached XP level 4. HP: 13/24 MP: 0/16
   413 | D        | Killed a gargoyle
   444 | D        | Learned a level 3 spell: Conjure Flame
   448 | D        | Learned a level 3 spell: Inner Flame
   453 | D        | Learned a level 4 spell: Sticky Flame
   496 | D        | Noticed Sigmund
   501 | D        | Killed Sigmund
   501 | D        | Reached skill level 11 in Spellcasting
   501 | D        | Reached XP level 5. HP: 28/28 MP: 7/20
   677 | D        | Found a burning altar of Makhleb.
   677 | D        | Found a viscous altar of Jiyva.
   677 | D        | Found a shimmering altar of Xom.
   677 | D        | Found a corrupted altar of Lugonu.
   677 | D        | Noticed a slime creature
   687 | D        | HP: 1/28 [slime creature (16)]
   692 | D        | Mangled by a slime creature

Vault maps used:
D:        dungeon_sprint_1

Skill      XL: |  1  2  3  4 |
---------------+-------------+-----
Spellcasting   | 5 8 11 | 11.1
Fire Magic     | 5 7 9 |  9.7
Conjurations   | 3 4 |  4.1
Fighting       | |  0.2
Dodging        | |  2.4
Stealth        | |  2.4

Action                   |  1- 3 |  4- 6 || total
-------------------------+-------+-------++-------
 Cast: Flame Tongue      |    13 |    11 ||    24
       Throw Flame       |     2 |     6 ||     8
  Use: Potion            |     1 |     1 ||     2
Armor: Robe              |     2 |       ||     2
Dodge: Dodged            |     9 |     1 ||    10
